 Dungeon Crawl Stone Soup version 0.25-a0-781-gc44aebf (webtiles) character file.

Game seed: 13719946747375286866, levelgen mode: deterministic

256350 Bionic the Slayer (level 19, -9/204 HPs)
             Began as a Minotaur Fighter on Apr 15, 2020.
             Was the Champion of Cheibriados.
             Killed from afar by an ogre mage (34 damage)
             ... with a bolt of fire
             ... led by an ironheart preserver
             ... on level 2 of the Vaults.
             The game lasted 01:36:39 (30380 turns).

Bionic the Slayer (Minotaur Fighter)               Turns: 30380, Time: 01:36:39

Health: -9/204     AC: 28    Str: 52    XL:     19   Next: 7%
Magic:  18/25      EV:  9    Int: 18    God:    Cheibriados [******]
Gold:   915        SH: 24    Dex: 25    Spells: 17/18 levels left

rFire    . . .     SeeInvis .   G - +3 broad axe (flame)
rCold    + . .     Gourm    .   O - +5 kite shield {rN+}
rNeg     + + .     Faith    .   E - +8 plate armour of Too Many Cooks {rC+ rN+ Str+4 Int-2}
rPois    .         Spirit   .   (helmet restricted)
rElec    .         Reflect  .   A - scarf {repulsion}
rCorr    .         Harm     .   b - +2 pair of gloves
MR       +....                  (no boots)
Stlth    ..........             q - amulet of regeneration {+regen, !d}
HPRegen  0.84/turn              h - +3 ring of protection
MPRegen  0.19/turn              W - +4 ring of strength

@: mighty, marked, repel missiles, very slow
A: retaliatory headbutt, horns 2
}: 2/15 runes: decaying, serpentine
a: Bend Time, Temporal Distortion, Slouch, Step From Time, Renounce Religion


You were on level 2 of the Vaults.
You worshipped Cheibriados.
Cheibriados was exalted by your worship.
You were not hungry.

You visited 7 branches of the dungeon, and saw 34 of its levels.
You visited 1 bazaar.
You also visited: Ossuary.

You collected 2676 gold pieces.
You spent 1761 gold pieces at shops.

Inventory:

Hand Weapons
 z - a +2 vorpal eveningstar
   (You acquired it on level 1 of the Vaults)
 G - a +3 broad axe of flaming (weapon)
   (You took it off Asterion on level 4 of the Snake Pit)
Missiles
 o - 8 curare-tipped darts
 s - 849 stones (quivered)
Armour
 b - a +2 pair of gloves (worn)
   (You found it on level 1 of the Dungeon)
 t - a +1 cloak of poison resistance
   (You took it off Crazy Yiuf on level 6 of the Dungeon)
 A - a scarf of repulsion (worn)
   (You found it on level 4 of the Swamp)
 E - the +8 plate armour of Too Many Cooks (worn) {rC+ rN+ Str+4 Int-2}
   (You bought it in a shop on level 2 of the Orcish Mines)

   It affects your strength (+4).
   It affects your intelligence (-2).
   It protects you from cold.
   It protects you from negative energy.
 O - a +5 kite shield of positive energy (worn)
   (You found it on level 12 of the Dungeon)
 V - a +0 tower shield
   (You took it off a vault guard on level 1 of the Vaults)
Magical Staves
 m - an uncursed staff of wizardry {unknown}
   (You found it on level 2 of the Vaults)
Jewellery
 a - an uncursed ring of resist corrosion
   (You bought it in a shop in a bazaar)
 h - a +3 ring of protection (left hand)
   (You found it on level 3 of the Snake Pit)
 q - an amulet of regeneration (around neck) {+regen, !d}
   (You found it on level 5 of the Dungeon)
 U - an uncursed ring of protection from fire {rF+, !d}
   (You found it on level 1 of the Snake Pit)
 W - a +4 ring of strength (right hand)
   (You found it on level 1 of the Swamp)
Wands
 i - a wand of digging (9)
   (You bought it in a shop on level 2 of the Orcish Mines)
 D - a wand of acid (1)
   (You found it on level 3 of the Snake Pit)
 F - a wand of disintegration (7)
   (You found it on level 8 of the Dungeon)
 S - a wand of iceblast (35)
   (You found it on level 15 of the Dungeon)
 T - a wand of paralysis (9)
   (You found it on level 15 of the Dungeon)
 Y - a wand of polymorph (10)
   (You found it on level 3 of the Snake Pit)
Scrolls
 g - 6 scrolls of teleportation
 j - 19 scrolls of remove curse
 k - 8 scrolls of amnesia
 p - a scroll of fog
 u - 4 scrolls of identify
 v - 2 scrolls of summoning
 B - 5 scrolls of immolation {!r}
 I - a scroll of fear
 Z - 2 scrolls of magic mapping {!r}
Potions
 c - 4 potions of berserk rage {!q}
 d - 2 potions of might
 e - 3 potions of curing
 l - 2 potions of lignification {!q}
 n - 2 potions of cancellation
 r - 2 potions of flight
 w - 4 potions of mutation {!q}
 x - 4 potions of ambrosia
 C - 3 potions of magic
 H - a potion of stabbing
 M - a potion of heal wounds
 P - a potion of invisibility
 R - 3 potions of brilliance
Miscellaneous
 y - a phial of floods
   (You found it on level 9 of the Dungeon)
 J - a lightning rod (4/4)
   (You found it on level 6 of the Lair of Beasts)
 N - a box of beasts
 X - a tin of tremorstones
Comestibles
 f - 53 rations


   Skills:
 + Level 25.9 Fighting
 - Level 16.5(18.0) Axes
 - Level 12.7(16.1) Maces & Flails
 - Level 10.0 Armour
 + Level 16.0 Shields
 - Level 10.0 Invocations
 + Level 6.9 Evocations


You had 17 spell levels left.
You knew the following spells:

 Your Spells              Type           Power        Failure   Level  Hunger
g - Apportation           Tloc           #.....       56%         1    ##.....

Your spell library contained the following spells:

 Spells                   Type           Power        Failure   Level  Hunger
 Animate Skeleton         Necr           N/A          56%         1    ##.....
 Corona                   Hex            #......      56%         1    ##.....
 Magic Dart               Conj           #...         56%         1    ##.....
 Summon Small Mammal      Summ           #...         56%         1    ##.....
 Ensorcelled Hibernation  Hex/Ice        #.....       71%         2    ###....
 Searing Ray              Conj           #.....       71%         2    ###....
 Confusing Touch          Hex            #.......     91%         3    ####...
 Dazzling Flash           Conj/Hex       #.....       91%         3    ####...
 Gell's Gravitas          Tloc           #.........   91%         3    ####...
 Portal Projectile        Hex/Tloc       #.....       91%         3    ####...
 Tukima's Dance           Hex            #.......     91%         3    ####...
 Fulminant Prism          Conj/Hex       #.........   100%        4    #####..
 Iskenderun's Mystic Bla  Conj/Tloc      #.......     100%        4    #####..
 Petrify                  Tmut/Erth      #.......     100%        4    #####..
 Bolt of Magma            Conj/Fire/Erth #.........   100%        5    ######.
 Iskenderun's Battlesphe  Conj/Chrm      #.......     100%        5    ######.
 Metabolic Englaciation   Hex/Ice        #.........   100%        5    ######.
 Yara's Violent Unravell  Hex/Tmut       #.........   100%        5    ######.
 Dispersal                Tloc           #.........   100%        6    #######
 Iron Shot                Conj/Erth      #.........   100%        6    #######
 Orb of Destruction       Conj           #.........   100%        7    #######
 Spellforged Servitor     Conj/Summ      #.........   100%        7    #######
 Controlled Blink         Tloc           N/A          100%        8    #######
 Disjunction              Tloc           #.........   100%        8    #######


Dungeon Overview and Level Annotations

Branches:
Dungeon (15/15)            Temple (1/1) D:7            Lair (6/6) D:9
  Swamp (4/4) Lair:2        Snake (4/4) Lair:3        Slime (0/5) Lair:5
    Orc (2/2) D:9             Elf (0/3) Orc:2        Vaults (2/5) D:13
 Depths (0/5) D:15        Ossuary (visited)
  Crypt: Vaults:2-3

Altars:
Ashenzari
Cheibriados
Dithmenos
Elyvilon
Fedhas
Gozag
Hepliaklqana
Kikubaaqudgha
Makhleb
Nemelex Xobeh
Okawaru
Qazlal
Ru
Sif Muna
Trog
Uskayaw
Vehumet
Wu Jian
Xom
Yredelemnul
Zin
The Shining One
Beogh

Shops:
D:4 *   Orc:2 *(=}

Annotations:
Lair:4 exclusion: oklob plant
Swamp:4 exclusion: 3 oklob plants


Innate Abilities, Weirdness & Mutations

You reflexively headbutt those who attack you in melee.
You have a pair of horns on your head.


Message History

As you read the scroll of teleportation, it crumbles to dust.
You feel strangely unstable.
Your surroundings suddenly seem different.
A slime creature comes into view.
The slime creature quivers.
A slime creature comes into view.
The slime creature quivers.
A slime creature comes into view.
The slime creature quivers.
A slime creature comes into view.
The slime creature quivers.
An ogre mage comes into view. It is wielding a +0 club.
The ogre mage shouts!
A two-headed ogre comes into view. It is wielding two +0 giant clubs.
The two-headed ogre shouts in stereo!
An ogre comes into view. It is wielding a -1 giant spiked club.
The ogre shouts!
An ogre comes into view. It is wielding a +0 giant spiked club.
The ogre shouts!
A two-headed ogre comes into view.
It is wielding a +0 dire flail and a +0 giant club.
The two-headed ogre shouts in stereo!
An ogre comes into view. It is wielding a +0 giant club.
You block the ironheart preserver's attack.
The slime creature hits you!
* * * LOW HITPOINT WARNING * * *
You block the ogre's attack.
The ironheart preserver closely misses you.
You furiously retaliate!
You headbutt the ironheart preserver!
Found a stone staircase leading up.
An ironheart preserver comes into view. It is wielding a +0 mace.
You take 10 damage, and have 26/204 hp.
You slash the two-headed ogre! You burn the two-headed ogre.
You slice the ironheart preserver!! You burn the ironheart preserver!
You slash the ogre! You burn the ogre. You slash the slime creature!
You burn the slime creature.
Two slime creatures merge to form a large slime creature.
The two-headed ogre closely misses you. The two-headed ogre barely misses you.
You slice the two-headed ogre!! You burn the two-headed ogre!
You kill the two-headed ogre!
Cheibriados appreciates the change of pace.
You slice the large slime creature!! You burn the large slime creature.
You dice the ogre like an onion!!! You burn the ogre.
You kill the ogre!
Cheibriados appreciates the change of pace.
You slash the ironheart preserver! You burn the ironheart preserver.
The ironheart preserver gestures wildly while chanting.
The ironheart preserver is healed somewhat.
You slice the large slime creature!! You burn the large slime creature!
You headbutt the large slime creature! You hit the ironheart preserver.
You burn the ironheart preserver.
Two slime creatures merge to form a very large slime creature.
You block the ironheart preserver's attack.
You slash the very large slime creature!
You burn the very large slime creature.
You headbutt the very large slime creature!
You hit the ironheart preserver. You burn the ironheart preserver.
You slash the ogre! You burn the ogre.
The ogre hits you with a +0 giant spiked club!
* * * LOW HITPOINT WARNING * * *
You take 11 damage, and have 17/204 hp.
You closely miss the ogre. You headbutt the ogre.
You slash the ironheart preserver! You burn the ironheart preserver.
You dice the two-headed ogre like an onion!!!
You burn the two-headed ogre.
You kill the two-headed ogre!
Cheibriados thoroughly appreciates the change of pace.
You slash the very large slime creature!
You burn the very large slime creature!
Two slime creatures merge to form an enormous slime creature.
You block the ironheart preserver's attack.
You slice the ogre!! You burn the ogre.
You kill the ogre!
Cheibriados thoroughly appreciates the change of pace.
You slice the enormous slime creature!! You burn the enormous slime creature.
You slice the ironheart preserver!! You burn the ironheart preserver!
The ogre mage mumbles some strange words.
The ogre mage blinks!
You slice the enormous slime creature!! You burn the enormous slime creature!
You headbutt the enormous slime creature!
You kill the enormous slime creature!
Cheibriados thoroughly appreciates the change of pace.
You hit the ogre. You burn the ogre. You slash the ironheart preserver!
You burn the ironheart preserver.
You kill the ironheart preserver!
Cheibriados appreciates the change of pace.
You block the ogre's attack.
You dice the ogre like an onion!!! You burn the ogre.
You kill the ogre!
Cheibriados thoroughly appreciates the change of pace.
The ogre mage casts a spell.
The ogre mage blinks!
You see here a +0 giant club.
You regained 2 hp, and now have 21/204 hp.
The ogre mage casts a spell.
The ogre mage blinks!
You regained 2 hp, and now have 23/204 hp.
The ogre mage hits you but does no damage.
The ogre mage casts a spell at you. The bolt of fire hits you!!
You die...

...#....#
*,,,,,,,,,,,,,,*
...#....#
*,*^*,*,,*,*,*,*
...#....#
*,*,*,*,,*,*,*,*
####....#
****######+###**
........#
#........#
........#
#........#
........#
#........#
#####'####
#.O.<....#
.##......#
#.@))....#
.##......#
#.ยง......#
.##......#
##########
.##......#
.##......#
.##......#
##########


You could see an ogre mage.

Vanquished Creatures
  Vashnia (Snake:2)
  Jorgrun (D:14)
  Asterion (Snake:4)
  5 thorn hunters
  Agnes (Snake:2)
  Roxanne (Swamp:3)
  7 nagarajas
  A tengu reaver (Vaults:2)
  A frost giant (Vaults:2)
  Aizul (Snake:1)
  3 vault wardens (Vaults:1)
  5 ironheart preservers
  A stone giant (Vaults:2)
  Nessos (Lair:4)
  2 vampire knights (Swamp:4)
  Azrael (Snake:1)
  A dire elephant (shapeshifter) (D:13)
  2 ettins
  Snorg (Lair:6)
  Josephine (Lair:6)
  2 fire dragons (Vaults:2)
  A deep elf death mage (Vaults:2)
  2 yaktaur captains
  An ice dragon (Vaults:1)
  3 rakshasas
  A hydra (shapeshifter) (Vaults:1)
  12 vault guards
  3 centaur warriors
  A catoblepas (Lair:3)
  3 ogre magi
  13 naga warriors
  14 hydras
  12 two-headed ogres
  A ghost crab (Swamp:4)
  10 anacondas
  3 shambling mangroves
  A merfolk avatar (Lair:6)
  Erica (D:8)
  2 dancing weapons (D:13)
  2 deep troll shamans (Vaults:1)
  3 tengu warriors (D:15)
  12 alligators
  Urug (Orc:2)
  23 naga sharpshooters
  A deep troll earth mage (Vaults:2)
  4 orc high priests
  3 shock serpents
  10 spriggans
  A shadow wraith (Vaults:1)
  Nergalle (D:11)
  3 salamander mystics (Snake:4)
  5 skeletal warriors (Vaults:1)
  6 spriggan druids (Swamp:4)
  A glowing orange brain (Vaults:1)
  2 spectral hydras (Swamp:3)
  2 flayed ghosts (Swamp:4)
  5 deep trolls
  2 unseen horrors
  6 naga ritualists
  7 swamp dragons
  A wizard (Vaults:2)
  6 orc knights
  Pikel (D:8)
  A necromancer (Vaults:2)
  5 mana vipers
  6 deep elf magi
  13 ugly things
  A harpy (Vaults:1)
  4 orc sorcerers (Orc:2)
  3 ironbrand convokers
  2 cyclopes
  A manticore (shapeshifter) (Vaults:1)
  4 manticores
  6 salamanders
  3 wolf spiders
  A centaur zombie (D:10)
  Maurice (Orc:2)
  6 guardian serpents
  7 vault sentinels
  5 elephants (Lair:6)
  23 black mambas
  13 naga magi
  Joseph (D:9)
  A spiny frog (shapeshifter) (Vaults:2)
  17 spiny frogs
  2 centaur skeletons (D:14)
  A rime drake (Lair:3)
  4 torpor snails (Lair:3)
  2 gargoyles (D:14)
  Psyche (D:12)
  Maggie (D:8)
  9 yaktaurs
  A redback zombie (D:14)
  An efreet (D:13)
  2 freezing wraiths
  9 komodo dragons
  4 hydra zombies (Swamp:4)
  2 death drake zombies (Swamp:4)
  A harpy zombie (D:15)
  2 trolls
  12 tyrant leeches
  5 polar bears
  3 wind drakes (Lair:6)
  18 hornets
  A blink frog (shapeshifter) (Vaults:2)
  3 blink frogs (Swamp:2)
  37 slime creatures
  10 hippogriffs
  A meliai zombie (D:12)
  6 bog bodies
  A death drake skeleton (Swamp:4)
  Sigmund (D:4)
  5 shadows
  A yak (shapeshifter) (Vaults:2)
  33 yaks
  2 vampires
  2 wyverns (D:11)
  3 fire elementals (Snake:1)
  Grum (Lair:1)
  4 wraiths
  2 steam dragons
  6 vampire mosquitoes (Swamp:2)
  8 insubstantial wisps
  2 wargs
  56 nagas
  Edmund (D:5)
  16 swamp worms
  17 water moccasins
  A hell hound (Snake:1)
  4 hydra simulacra (Swamp:4)
  7 porcupines
  8 swamp drakes
  2 slaves (D:8)
  13 orc warriors
  3 black bears
  3 sky beasts
  4 swamp dragon zombies (Swamp:4)
  Purgy (D:3)
  3 ice beasts
  A phantom (D:14)
  A boggart (Vaults:2)
  22 ogres
  2 wolves (Lair:1)
  A swamp dragon skeleton (Swamp:4)
  15 centaurs
  8 crocodiles
  2 big kobolds (D:13)
  11 bullfrogs
  3 scorpions
  7 wights
  An electric eel (Lair:1)
  4 howler monkeys
  8 crimson imps
  A human zombie (Ossuary)
  6 jellies
  A quasit (D:7)
  A bullfrog zombie (D:3)
  11 orc priests
  Crazy Yiuf (D:6)
  4 hounds
  16 orc wizards
  3 bullfrog skeletons
  3 iguanas
  21 worker ants
  A big kobold zombie (Ossuary)
  A hound skeleton (D:7)
  4 mummies (Ossuary)
  7 gnolls
  25 adders
  2 shadow imps
  5 oozes (D:12)
  4 adder skeletons
  3 adder zombies
  2 worms
  3 dart slugs
  8 leopard geckos
  58 orcs
  7 ball pythons
  9 bats
  8 giant cockroaches
  3 goblins
  5 hobgoblins
  8 jackals
  17 kobolds
  8 quokkas
  9 frilled lizards
  2 gnoll zombies (Ossuary)
  A goblin zombie (Ossuary)
  A hobgoblin zombie (Ossuary)
  A kobold zombie (Ossuary)
  An orc zombie (Ossuary)
  A quokka skeleton (D:4)
  8 rats
  5 briar patches (Swamp:4)
  3 fungi
  7 plants
1085 creatures vanquished.

Vanquished Creatures (others)
  An ironheart preserver (Vaults:2)
  A deep elf knight (Vaults:1)
  A spriggan druid (Swamp:4)
  2 black mambas
  An orc priest (Orc:2)
  7 briar patches (Swamp:4)
  12 fungi
  24 plants
49 creatures vanquished.

Grand Total: 1134 creatures vanquished

Notes
Turn   | Place    | Note
-------+----------+-------------------------------------------
     0 | D:1      | Bionic the Minotaur Fighter began the quest for the Orb.
     0 | D:1      | Reached XP level 1. HP: 19/19 MP: 0/0
   124 | D:1      | You fall into a shaft and drop 1 floor!
   139 | D:1      | Reached skill level 3 in Axes
   139 | D:1      | Reached XP level 2. HP: 18/27 MP: 1/1
   143 | D:1      | Reached skill level 4 in Fighting
   143 | D:1      | Reached skill level 4 in Armour
   143 | D:1      | Reached skill level 4 in Shields
   143 | D:1      | Reached XP level 3. HP: 17/33 MP: 2/2
   806 | D:2      | Reached XP level 4. HP: 13/40 MP: 3/3
  1114 | D:2      | Reached skill level 4 in Axes
  1485 | D:3      | Reached XP level 5. HP: 47/47 MP: 4/4
  1612 | D:3      | Noticed Purgy
  1624 | D:3      | Killed Purgy
  1624 | D:3      | Reached skill level 5 in Axes
  1788 | D:3      | Reached XP level 6. HP: 53/55 MP: 5/5
  2195 | D:4      | Reached skill level 5 in Fighting
  2195 | D:4      | Reached skill level 5 in Armour
  2195 | D:4      | Reached skill level 5 in Shields
  2287 | D:4      | Reached skill level 6 in Axes
  2381 | D:3      | Reached XP level 7. HP: 57/61 MP: 6/6
  2452 | D:3      | HP: 11/61 [ogre/+0 giant club (19)]
  2453 | D:3      | HP: 2/61 [ogre/+0 giant club (9)]
  2806 | D:4      | Found an iron altar of Okawaru.
  2835 | D:4      | Noticed Sigmund
  2858 | D:4      | Killed Sigmund
  2858 | D:4      | Reached skill level 6 in Fighting
  2858 | D:4      | Reached skill level 7 in Axes
  2858 | D:4      | Reached skill level 6 in Armour
  2858 | D:4      | Reached skill level 6 in Shields
  3077 | D:4      | Reached XP level 8. HP: 70/70 MP: 7/7
  3080 | D:4      | Found Badithra's General Store.
  3582 | D:5      | Entered Level 5 of the Dungeon
  3621 | D:5      | Noticed Edmund
  3635 | D:5      | Killed Edmund
  3635 | D:5      | Reached skill level 8 in Axes
  3668 | D:5      | Found a sacrificial altar of Ru.
  4305 | D:5      | Reached skill level 7 in Armour
  4483 | D:6      | Reached skill level 7 in Fighting
  4486 | D:6      | Reached skill level 9 in Axes
  4486 | D:6      | Reached skill level 7 in Shields
  4664 | D:6      | Found a sand-covered staircase.
  4666 | D:6      | Got an iridescent falchion
  4680 | Ossuary  | Entered an ossuary
  4722 | Ossuary  | Reached XP level 9. HP: 79/79 MP: 8/8
  4904 | D:6      | Identified the +6 falchion "Mung" {pain, Dex+5} (You found
                  | it on level 6 of the Dungeon)
  5124 | D:6      | Found a runed translucent door.
  5125 | D:6      | Noticed Crazy Yiuf
  5264 | D:6      | Killed Crazy Yiuf
  5370 | D:7      | Found a staircase to the Ecumenical Temple.
  5383 | Temple   | Entered the Ecumenical Temple
  5462 | Temple   | Became a worshipper of Cheibriados the Contemplative
  5588 | D:7      | Reached skill level 10 in Axes
  5869 | D:7      | Reached skill level 8 in Armour
  5870 | D:7      | Reached skill level 8 in Shields
  5871 | D:7      | Reached skill level 8 in Fighting
  6243 | D:8      | Reached * piety under Cheibriados
  6417 | D:8      | Noticed Maggie
  6437 | D:8      | Killed Maggie
  6448 | D:8      | Noticed Pikel
  6540 | D:8      | Killed Pikel
  6540 | D:8      | Reached skill level 11 in Axes
  6540 | D:8      | Reached XP level 10. HP: 76/90 MP: 9/9
  6911 | D:8      | Noticed Erica
  6922 | D:8      | Killed Erica
  6922 | D:8      | Reached skill level 9 in Fighting
  6922 | D:8      | Reached skill level 9 in Armour
  6922 | D:8      | Reached skill level 9 in Shields
  7087 | D:8      | Killed an unseen horror
  7107 | D:8      | Found a radiant altar of Vehumet.
  7110 | D:8      | Found a hide-covered altar of Uskayaw.
  7113 | D:8      | Found a burning altar of Makhleb.
  7250 | D:9      | Reached ** piety under Cheibriados
  7253 | D:9      | Noticed Joseph
  7267 | D:9      | Killed Joseph
  7267 | D:9      | Reached skill level 12 in Axes
  7389 | D:9      | Found a staircase to the Orcish Mines.
  7434 | D:9      | Found a staircase to the Lair.
  7663 | D:9      | Found a shadowy altar of Dithmenos.
  7840 | D:10     | Entered Level 10 of the Dungeon
  8077 | D:10     | Reached XP level 11. HP: 99/99 MP: 10/10
  8087 | D:10     | Reached skill level 10 in Armour
  8231 | D:10     | Reached skill level 10 in Fighting
  8231 | D:10     | Reached skill level 10 in Shields
  8397 | D:10     | Got a shimmering long sword
  9055 | D:11     | Reached skill level 13 in Axes
  9073 | D:11     | Reached *** piety under Cheibriados
  9298 | D:11     | Noticed Nergalle
  9317 | D:11     | HP: 24/99 [Nergalle/bolt of negative energy (43)]
  9319 | D:11     | Killed Nergalle
  9553 | D:11     | Killed an unseen horror
  9990 | D:12     | Reached skill level 14 in Axes
  9995 | D:12     | Reached **** piety under Cheibriados
 10238 | D:12     | Identified the +1 long sword "Ethrot" {flame, +Blink MR-
                  | Str+4 Dex+4} (You found it on level 10 of the Dungeon)
 10261 | D:12     | Reached skill level 11 in Fighting
 10291 | D:12     | Reached skill level 11 in Shields
 10601 | D:12     | Noticed a deep elf mage
 10601 | D:12     | Noticed Psyche
 10608 | D:12     | Killed Psyche
 10612 | D:12     | Killed a deep elf mage
 10612 | D:12     | Reached XP level 12. HP: 37/110 MP: 11/11
 10749 | D:12     | Reached ***** piety under Cheibriados
 11043 | Lair:1   | Entered Level 1 of the Lair of Beasts
 11046 | Lair:1   | Reached skill level 15 in Axes
 11599 | Lair:1   | Noticed a five-headed hydra
 11609 | Lair:1   | Killed a five-headed hydra
 11609 | Lair:1   | Reached skill level 12 in Fighting
 11609 | Lair:1   | Reached skill level 12 in Shields
 11660 | Lair:1   | Noticed Grum
 11668 | Lair:1   | Killed Grum
 12369 | Lair:2   | Found a staircase to the Swamp.
 12373 | Lair:2   | Reached skill level 16 in Axes
 12509 | Lair:3   | Found a radiant altar of Vehumet.
 12631 | Lair:3   | Found a staircase to the Snake Pit.
 12889 | Lair:3   | Noticed a catoblepas
 12917 | Lair:3   | Found a snail-covered altar of Cheibriados.
 12924 | Lair:3   | Killed a catoblepas
 12924 | Lair:3   | Reached ****** piety under Cheibriados
 12924 | Lair:3   | Reached skill level 13 in Fighting
 12924 | Lair:3   | Reached skill level 13 in Shields
 12930 | Lair:3   | Reached XP level 13. HP: 84/122 MP: 12/12
 13636 | Lair:4   | Noticed Nessos
 13642 | Lair:4   | Killed Nessos
 13903 | Lair:4   | Got an ancient glaive
 13904 | Lair:4   | Identified the +4 glaive of Aviogidgh {drain, +Blink Dex+2}
                  | (You found it on level 4 of the Lair of Beasts)
 14231 | Lair:5   | Found a staircase to the Slime Pits.
 14231 | Lair:5   | You fall into a shaft and drop 1 floor!
 14231 | Lair:6   | Entered Level 6 of the Lair of Beasts
 14267 | Lair:6   | Reached skill level 14 in Fighting
 14267 | Lair:6   | Reached skill level 14 in Shields
 14396 | Lair:6   | Reached skill level 1 in Invocations
 14419 | Lair:6   | Reached skill level 2 in Invocations
 14507 | Lair:6   | Noticed Josephine
 14517 | Lair:6   | Killed Josephine
 14559 | Lair:6   | Reached skill level 3 in Invocations
 14656 | Lair:6   | Noticed Snorg
 14661 | Lair:6   | Killed Snorg
 14829 | Lair:6   | Got a transparent hand axe
 14854 | Lair:6   | Reached skill level 4 in Invocations
 14960 | Lair:6   | Identified the +3 hand axe of Destruction {holy, rN+} (You
                  | found it on level 6 of the Lair of Beasts)
 15060 | Lair:6   | Reached skill level 15 in Fighting
 15060 | Lair:6   | Reached skill level 15 in Shields
 15294 | Orc:1    | Entered Level 1 of the Orcish Mines
 15449 | Orc:1    | Found a roughly hewn altar of Beogh.
 15502 | Orc:1    | Noticed an ettin
 15508 | Orc:1    | Killed an ettin
 15551 | Orc:2    | Entered Level 2 of the Orcish Mines
 15551 | Orc:2    | Noticed Maurice
 15560 | Orc:2    | Killed Maurice
 15560 | Orc:2    | Reached XP level 14. HP: 135/135 MP: 16/16
 15661 | Orc:2    | Found a staircase to the Elven Halls.
 15679 | Orc:2    | Paralysed by an orc sorcerer for 3 turns
 15902 | Orc:2    | Noticed Urug
 15912 | Orc:2    | Killed Urug
 15912 | Orc:2    | Reached skill level 5 in Invocations
 16339 | Orc:2    | Reached skill level 6 in Invocations
 16388 | Orc:2    | Found Nobueps's Gadget Emporium.
 16388 | Orc:2    | Found Tusse's General Store.
 16419 | Orc:2    | Found Ezxanoep's Weapon Boutique.
 16419 | Orc:2    | Found Dunywk's Jewellery Emporium.
 16425 | Orc:2    | Bought the +8 plate armour of Too Many Cooks {rC+ rN+ Str+4
                  | Int-2} for 1281 gold pieces
 16441 | Orc:2    | Bought a wand of digging (6) for 200 gold pieces
 16870 | D:13     | Found a gate to the Vaults.
 16918 | D:13     | Reached skill level 16 in Fighting
 17088 | D:14     | Reached skill level 7 in Invocations
 17140 | D:14     | Noticed Jorgrun
 17152 | D:14     | Killed Jorgrun
 17249 | D:14     | Reached skill level 8 in Invocations
 17883 | D:14     | Found a blossoming altar of Fedhas.
 18178 | D:15     | Entered Level 15 of the Dungeon
 18405 | D:15     | Found a staircase to the Depths.
 18513 | D:15     | Reached skill level 17 in Fighting
 18514 | D:15     | Reached skill level 9 in Invocations
 18926 | Swamp:1  | Entered Level 1 of the Swamp
 19229 | Swamp:1  | Reached XP level 15. HP: 147/147 MP: 21/21
 19515 | Swamp:1  | Reached skill level 10 in Invocations
 19851 | Swamp:2  | Reached skill level 18 in Fighting
 19908 | Swamp:2  | Learned a level 1 spell: Apportation
 20083 | Swamp:2  | Noticed a thorn hunter
 20097 | Swamp:2  | Killed a thorn hunter
 20555 | Swamp:3  | Reached skill level 19 in Fighting
 20599 | Swamp:3  | Noticed Roxanne
 20857 | Swamp:3  | Killed Roxanne
 20938 | Swamp:3  | Found the cursed +14 obsidian axe {vorpal, +Fly SInv
                  | *Curse}
 21159 | Swamp:4  | Entered Level 4 of the Swamp
 21218 | Swamp:4  | Noticed a thorn hunter
 21232 | Swamp:4  | Killed a thorn hunter
 21244 | Swamp:4  | Reached skill level 20 in Fighting
 21258 | Swamp:4  | HP: 37/155 [five-headed hydra (6)]
 21263 | Swamp:4  | HP: 37/155 [swamp dragon zombie (4)]
 21475 | Swamp:4  | Reached skill level 1 in Maces & Flails
 21481 | Swamp:3  | Reached skill level 2 in Maces & Flails
 21672 | Swamp:4  | Reached skill level 3 in Maces & Flails
 21676 | Swamp:4  | HP: 36/155 [flayed ghost/flay_damage (18)]
 21677 | Swamp:4  | HP: 16/155 [swamp dragon/blast of poison (2)]
 21681 | Swamp:4  | HP: 4/155 [seven-headed hydra simulacrum (8)]
 21704 | Swamp:4  | Reached skill level 4 in Maces & Flails
 21708 | Swamp:4  | HP: 31/155 [flayed ghost (19)]
 21811 | Swamp:4  | Reached skill level 5 in Maces & Flails
 21811 | Swamp:4  | Reached XP level 16. HP: 142/165 MP: 22/22
 21812 | Swamp:4  | Paralysed by a vampire knight for 4 turns
 21908 | Swamp:4  | HP: 34/165 [six-headed hydra[a spriggan druid] (9)]
 21909 | Swamp:4  | Reached skill level 6 in Maces & Flails
 21924 | Swamp:4  | Reached skill level 7 in Maces & Flails
 22087 | Swamp:4  | Noticed a thorn hunter
 22100 | Swamp:4  | Noticed a thorn hunter
 22101 | Swamp:4  | Found a blossoming altar of Fedhas.
 22102 | Swamp:4  | Noticed a thorn hunter
 22113 | Swamp:4  | Killed a thorn hunter
 22113 | Swamp:4  | Reached skill level 8 in Maces & Flails
 22113 | Swamp:4  | Killed a thorn hunter
 22119 | Swamp:4  | Killed a thorn hunter
 22119 | Swamp:4  | Reached skill level 9 in Maces & Flails
 22129 | Swamp:4  | Found a basalt altar of Yredelemnul.
 22422 | Swamp:4  | Reached skill level 10 in Maces & Flails
 22554 | Swamp:4  | Reached skill level 21 in Fighting
 23069 | Swamp:4  | Got a decaying rune of Zot
 23343 | Snake:1  | Entered Level 1 of the Snake Pit
 23415 | Snake:1  | Reached skill level 11 in Maces & Flails
 23456 | Snake:1  | Reached skill level 12 in Maces & Flails
 23633 | Snake:1  | Noticed Azrael
 23647 | Snake:1  | Killed Azrael
 24291 | Snake:1  | Noticed Aizul
 24310 | Snake:1  | Killed Aizul
 24992 | Snake:2  | Noticed Agnes
 24998 | Snake:2  | Killed Agnes
 25058 | Snake:2  | Noticed Vashnia
 25072 | Snake:2  | Killed Vashnia
 25087 | Snake:2  | HP: 40/168 [naga sharpshooter/arrow[Vashnia] (9)]
 25089 | Snake:2  | Reached skill level 22 in Fighting
 25089 | Snake:2  | Reached XP level 17. HP: 40/176 MP: 23/23
 25092 | Snake:2  | HP: 41/176 [poisoned by a naga sharpshooter (splash of
                  | poison)]
 25099 | Snake:2  | HP: 44/176 [poisoned by a naga sharpshooter (splash of
                  | poison)]
 25451 | Snake:2  | Identified a scroll of acquirement
 25452 | Snake:2  | Identified the +3 buckler of Obyber {Int+2} (You acquired
                  | it on level 2 of the Snake Pit)
 26106 | Snake:4  | Entered Level 4 of the Snake Pit
 26244 | Snake:4  | Noticed Asterion
 26258 | Snake:4  | Killed Asterion
 26258 | Snake:4  | Reached skill level 23 in Fighting
 26342 | Snake:4  | Found a shimmering blue altar of Sif Muna.
 26911 | Snake:4  | Reached skill level 24 in Fighting
 27357 | Snake:4  | Got a serpentine rune of Zot
 27801 | Vaults:1 | Entered Level 1 of the Vaults
 27806 | Vaults:1 | Reached XP level 18. HP: 183/192 MP: 24/24
 27916 | Vaults:1 | Identified the ring "Fukof" {rElec Int+4} (You acquired it
                  | on level 1 of the Vaults)
 28028 | Vaults:1 | Reached skill level 25 in Fighting
 28151 | Vaults:1 | Reached skill level 1 in Evocations
 28253 | Vaults:1 | Reached skill level 2 in Evocations
 28649 | Vaults:1 | Reached skill level 3 in Evocations
 28736 | Vaults:1 | Reached skill level 4 in Evocations
 29310 | Vaults:2 | Reached skill level 5 in Evocations
 29326 | Vaults:2 | Found a flickering gateway to a bazaar.
 29339 | Bazaar   | Entered a bazaar
 29356 | Bazaar   | Found Fioho Cus's Gadget Shoppe.
 29356 | Bazaar   | Found Mooph's Antique Armour Emporium.
 29377 | Bazaar   | Found Sucu Lio's Antique Armour Shoppe.
 29377 | Bazaar   | Found Vageafrock's Armour Emporium.
 29398 | Bazaar   | Found Tuasm's Jewellery Shoppe.
 29402 | Bazaar   | Bought an uncursed ring of resist corrosion for 280 gold
                  | pieces
 29607 | Vaults:2 | Reached skill level 6 in Evocations
 30329 | Vaults:2 | Identified the ring "Woqun" {*Corrode AC+3 Str+4}
 30351 | Vaults:2 | Reached XP level 19. HP: 114/204 MP: 25/25
 30358 | Vaults:2 | Reached skill level 16 in Shields
 30360 | Vaults:2 | Identified the ring of the City {rC+ Str+5}
 30363 | Vaults:2 | Paralysed by a floating eye for 3 turns
 30364 | Vaults:2 | HP: 38/204 [war gargoyle/+0 morningstar (16)]
 30369 | Vaults:2 | HP: 26/204 [slime creature (12)]
 30380 | Vaults:2 | Killed from afar by an ogre mage

Levels and vault maps discovered:
D:1:      mrwooster_arrival_statue, layout_basic
D:2:      layout_rooms, minmay_heptomino_d4
D:3:      layout_loops_ring, uniq_purgy
D:4:      layout_cave_pools, okawaru_ov_weapons_minmay, serial_shops,
          kennysheep_little_box, minmay_manual_mares, uniq_sigmund
D:5:      layout_loops_cross, first_ration, nicolae_ru_great_annihilating_truth,
          uniq_edmund
D:6:      layout_rooms, nicolae_ossuary_entry_ruins, minmay_misc_feat_doors,
          minmay_holes, uniq_crazy_yiuf_cottage
D:7:      layout_basic, minmay_temple_entry_wispy
D:8:      layout_basic, grunt_temple_overflow_diamond, uniq_erica, uniq_pikel,
          uniq_maggie
D:9:      layout_rooms, nicolae_dithmenos_through_a_glass_darkly,
          grunt_lair_entry_orc_guard_hut, orc_0_dummy, minmay_strange_pillars,
          eino_small_chamber_without_monster, uniq_joseph
D:10:     layout_layer_cave
D:11:     layout_roguey, uniq_nergalle
D:12:     layout_long_grid, hangedman_little_slice_of_home, uniq_psyche
D:13:     layout_cave_pools, erik_vaults_1
D:14:     layout_long_grid, fedhas_altar_4, uniq_jorgrun
D:15:     grunt_enter_depths_snipers, layout_cave_pools, gauntlet_entry_generic,
          minivault_19
Temple:   bh_familiar_temple
Lair:1:   layout_roguey, grunt_megastairs_3, infiniplex_staircase_pool,
          uniq_grum
Lair:2:   layout_misc_corridors, minmay_swamp_entry_worms
Lair:3:   layout_loops_ring, minmay_snake_entry_six_corridors, basic_altar,
          st_stairs_4, kennysheep_snail_temple
Lair:4:   layout_cave_shapes, minmay_lair_oklob_chamber, lemuel_fruit_fields,
          uniq_nessos
Lair:5:   layout_regular_city, slime_altar_1
Lair:6:   gammafunk_lair_ancient_temple, layout_misc_corridors, uniq_josephine,
          uniq_snorg
Swamp:1:  layout_basic_swamp, hangedman_swamp_blocks
Swamp:2:  layout_basic_swamp, evilmike_swamp_ruin_house_3, swamp_pool1
Swamp:3:  layout_basic_swamp, nicolae_swamp_orc_logging_accident, uniq_roxanne
Swamp:4:  byrel_swamp_growth_death_and_undeath, layout_basic_swamp, swamp_pool2,
          hangedman_swamp_cone
Snake:1:  nicolae_snake_hallway, layout_onion, grunt_ministairs_14,
          nicolae_snake_round_shape_thing, uniq_azrael, uniq_aizul
Snake:2:  layout_rooms, drop_trap, uniq_vashnia, uniq_agnes
Snake:3:  layout_onion, nrook_loot_triangle
Snake:4:  johnstein_snake_rune_scales, layout_misc_corridors, basic_altar,
          nicolae_snake_linked_coils, uniq_asterion
Orc:1:    layout_caves, nicolae_orc_lost_temple
Orc:2:    grunt_orc_tribal_feast, layout_diamond_mine, uniq_urug, uniq_maurice
Vaults:1: nicolae_vaults_circle_grid_b, nicolae_vaults_stairing_the_circle,
          nicolae_vaults_network_periphery, nicolae_vaults_theta,
          vaults_room_door_ring, grunt_vaults_focal,
          nicolae_vaults_little_squares_6, v_misc_12, vaults_room_fours,
          ontoclasm_vaults_decontamination, nicolae_vaults_gold_heap,
          ontoclasm_vaults_gateway, vaults_dpeg_hooks, layout_vaults_omnicross
Vaults:2: dpeg_vaults_monster_box, ontoclasm_vaults_ring_large,
          st_greater_box_1, nicolae_vaults_ninety_degrees, v_misc_14,
          nicolae_vaults_mini_display_case,
          nicolae_vaults_windows_and_doors_thing, vaults_room_large_hall,
          vaults_room_hallway, v_misc_24, ontoclasm_vaults_eye,
          vaults_dpeg_ring, nicolae_vaults_rhombus_6, layout_vaults_omnibox,
          serial_shops, bzr_in_the_mist

Skill      XL: |  1  2  3  4  5  6  7  8  9 10 11 12 13 14 15 16 17 18 19 |
---------------+----------------------------------------------------------+-----
Axes           | 3 4 5 6 7 9 11 12 14 16 | 16.5
Fighting       | 4 5 6 7 8 9 11 13 15 17 20 22 24 25 | 25.9
Armour         | 4 5 6 7 8 9 10 | 10.0
Shields        | 4 5 6 7 8 9 11 13 15 16 | 16.0
Invocations    | 4 9 10 | 10.0
Maces & Flails | 5 12 | 12.7
Evocations     | 6 |  6.9

Action                   |  1- 3 |  4- 6 |  7- 9 | 10-12 | 13-15 | 16-18 | 19-21 || total
-------------------------+-------+-------+-------+-------+-------+-------+-------++-------
Melee: War axe           |    48 |   163 |   360 |   428 |   661 |   375 |       ||  2035
       Headbutt          |     5 |    23 |    79 |   160 |   272 |   352 |     4 ||   895
       Whip              |       |       |       |     5 |    13 |       |       ||    18
       Morningstar       |       |       |       |       |    96 |    12 |       ||   108
       Broad axe         |       |       |       |       |       |   366 |    15 ||   381
       Eveningstar       |       |       |       |       |       |   146 |       ||   146
Throw: Stone             |       |     4 |   114 |   135 |   223 |    94 |       ||   570
Invok: Step From Time    |       |       |       |       |     3 |     1 |     1 ||     5
       Slouch            |       |       |       |       |     1 |       |       ||     1
Evoke: Wand              |       |       |       |       |       |     1 |       ||     1
  Use: Scroll            |       |       |    18 |    13 |    28 |    13 |     1 ||    73
       Potion            |       |       |     3 |     1 |     3 |     6 |       ||    13
 Stab: Paralysed         |       |       |     1 |       |       |       |       ||     1
       Petrifying        |       |       |       |     2 |       |       |       ||     2
       Petrified         |       |       |       |     2 |       |       |       ||     2
       Distracted        |       |       |       |     1 |       |     2 |       ||     3
       Invisible         |       |       |       |       |     4 |       |       ||     4
       Confused          |       |       |       |       |       |     2 |       ||     2
  Eat: Chunk             |       |     5 |    14 |    11 |    16 |     5 |       ||    51
       Ration            |       |       |       |       |     1 |     3 |       ||     4
Armor: Plate armour      |    45 |   120 |   161 |   175 |   417 |   373 |     6 ||  1297
       Scale mail        |     7 |       |       |       |       |       |       ||     7
Dodge: Dodged            |    24 |    38 |    54 |    67 |   180 |   171 |     3 ||   537
       Deflected         |       |       |       |       |       |    33 |     2 ||    35
Block: Kite shield       |    39 |    88 |   208 |   308 |   810 |   950 |    14 ||  2417

Table legend:
 A = Non-vault XP
 B = Vault XP
 C = Vault XP percentage of total XP
 D = Non-vault monster count
 E = Vault monster count
 F = Vault count percentage of total count
                 A         B        C        D         E       F
            +---------+---------+-------+---------+---------+-------
      Total |  225218 |  158157 |  41.3 |     753 |     319 |  29.8
            +---------+---------+-------+---------+---------+-------
        D:1 |      59 |       0 |   0.0 |      14 |       0 |   0.0
        D:2 |     124 |       3 |   2.4 |      32 |       2 |   5.9
        D:3 |     315 |     124 |  28.2 |      22 |       1 |   4.3
        D:4 |     687 |     444 |  39.3 |      30 |       3 |   9.1
        D:5 |     432 |     207 |  32.4 |      22 |       5 |  18.5
        D:6 |     531 |      41 |   7.2 |      19 |       1 |   5.0
        D:7 |    1140 |       0 |   0.0 |      22 |       0 |   0.0
        D:8 |    1916 |    1912 |  49.9 |      22 |       3 |  12.0
        D:9 |     728 |    1275 |  63.7 |      14 |       7 |  33.3
       D:10 |    2570 |       0 |   0.0 |      17 |       0 |   0.0
       D:11 |    3510 |     781 |  18.2 |      29 |       1 |   3.3
       D:12 |    4730 |     806 |  14.6 |      24 |      10 |  29.4
       D:13 |    4926 |    1808 |  26.8 |      33 |       2 |   5.7
       D:14 |    7467 |    2768 |  27.0 |      30 |       1 |   3.2
       D:15 |    5387 |    2325 |  30.1 |      13 |       3 |  18.8
     Lair:1 |    5351 |     827 |  13.4 |      24 |       4 |  14.3
     Lair:2 |    2706 |     621 |  18.7 |      10 |       3 |  23.1
     Lair:3 |    4270 |    3605 |  45.8 |      15 |      24 |  61.5
     Lair:4 |    2755 |    1353 |  32.9 |       8 |       1 |  11.1
     Lair:6 |    4433 |   13487 |  75.3 |       9 |      34 |  79.1
    Swamp:1 |   12440 |       0 |   0.0 |      28 |       0 |   0.0
    Swamp:2 |   16690 |       0 |   0.0 |      47 |       0 |   0.0
    Swamp:3 |    7040 |    4317 |  38.0 |      15 |       4 |  21.1
    Swamp:4 |   16586 |   23585 |  58.7 |      39 |      36 |  48.0
    Snake:1 |   14102 |   12204 |  46.4 |      23 |      24 |  51.1
    Snake:2 |    8540 |    9345 |  52.3 |      19 |       5 |  20.8
    Snake:3 |   10558 |       0 |   0.0 |      16 |       0 |   0.0
    Snake:4 |   16445 |   38890 |  70.3 |      35 |      61 |  63.5
      Orc:1 |    2545 |       0 |   0.0 |      16 |       0 |   0.0
      Orc:2 |     841 |    9043 |  91.5 |      10 |      31 |  75.6
   Vaults:1 |   35834 |    9436 |  20.8 |      50 |      18 |  26.5
   Vaults:2 |   29560 |   18804 |  38.9 |      46 |      23 |  33.3
    Ossuary |       0 |     146 | 100.0 |       0 |      12 | 100.0
            +---------+---------+-------+---------+---------+-------

Levels and vault maps discovered:
D:1:      mrwooster_arrival_statue, layout_basic
D:2:      layout_rooms, minmay_heptomino_d4
D:3:      layout_loops_ring, uniq_purgy
D:4:      layout_cave_pools, okawaru_ov_weapons_minmay, serial_shops,
          kennysheep_little_box, minmay_manual_mares, uniq_sigmund
D:5:      layout_loops_cross, first_ration, nicolae_ru_great_annihilating_truth,
          uniq_edmund
D:6:      layout_rooms, nicolae_ossuary_entry_ruins, minmay_misc_feat_doors,
          minmay_holes, uniq_crazy_yiuf_cottage
D:7:      layout_basic, minmay_temple_entry_wispy
D:8:      layout_basic, grunt_temple_overflow_diamond, uniq_erica, uniq_pikel,
          uniq_maggie
D:9:      layout_rooms, nicolae_dithmenos_through_a_glass_darkly,
          grunt_lair_entry_orc_guard_hut, orc_0_dummy, minmay_strange_pillars,
          eino_small_chamber_without_monster, uniq_joseph
D:10:     layout_layer_cave
D:11:     layout_roguey, uniq_nergalle
D:12:     layout_long_grid, hangedman_little_slice_of_home, uniq_psyche
D:13:     layout_cave_pools, erik_vaults_1
D:14:     layout_long_grid, fedhas_altar_4, uniq_jorgrun
D:15:     grunt_enter_depths_snipers, layout_cave_pools, gauntlet_entry_generic,
          minivault_19
Temple:   bh_familiar_temple
Lair:1:   layout_roguey, grunt_megastairs_3, infiniplex_staircase_pool,
          uniq_grum
Lair:2:   layout_misc_corridors, minmay_swamp_entry_worms
Lair:3:   layout_loops_ring, minmay_snake_entry_six_corridors, basic_altar,
          st_stairs_4, kennysheep_snail_temple
Lair:4:   layout_cave_shapes, minmay_lair_oklob_chamber, lemuel_fruit_fields,
          uniq_nessos
Lair:5:   layout_regular_city, slime_altar_1
Lair:6:   gammafunk_lair_ancient_temple, layout_misc_corridors, uniq_josephine,
          uniq_snorg
Swamp:1:  layout_basic_swamp, hangedman_swamp_blocks
Swamp:2:  layout_basic_swamp, evilmike_swamp_ruin_house_3, swamp_pool1
Swamp:3:  layout_basic_swamp, nicolae_swamp_orc_logging_accident, uniq_roxanne
Swamp:4:  byrel_swamp_growth_death_and_undeath, layout_basic_swamp, swamp_pool2,
          hangedman_swamp_cone
Snake:1:  nicolae_snake_hallway, layout_onion, grunt_ministairs_14,
          nicolae_snake_round_shape_thing, uniq_azrael, uniq_aizul
Snake:2:  layout_rooms, drop_trap, uniq_vashnia, uniq_agnes
Snake:3:  layout_onion, nrook_loot_triangle
Snake:4:  johnstein_snake_rune_scales, layout_misc_corridors, basic_altar,
          nicolae_snake_linked_coils, uniq_asterion
Orc:1:    layout_caves, nicolae_orc_lost_temple
Orc:2:    grunt_orc_tribal_feast, layout_diamond_mine, uniq_urug, uniq_maurice
Vaults:1: nicolae_vaults_circle_grid_b, nicolae_vaults_stairing_the_circle,
          nicolae_vaults_network_periphery, nicolae_vaults_theta,
          vaults_room_door_ring, grunt_vaults_focal,
          nicolae_vaults_little_squares_6, v_misc_12, vaults_room_fours,
          ontoclasm_vaults_decontamination, nicolae_vaults_gold_heap,
          ontoclasm_vaults_gateway, vaults_dpeg_hooks, layout_vaults_omnicross
Vaults:2: dpeg_vaults_monster_box, ontoclasm_vaults_ring_large,
          st_greater_box_1, nicolae_vaults_ninety_degrees, v_misc_14,
          nicolae_vaults_mini_display_case,
          nicolae_vaults_windows_and_doors_thing, vaults_room_large_hall,
          vaults_room_hallway, v_misc_24, ontoclasm_vaults_eye,
          vaults_dpeg_ring, nicolae_vaults_rhombus_6, layout_vaults_omnibox,
          serial_shops, bzr_in_the_mist

Table legend:
 A = Turns spent in this place as a percentage of turns spent in the entire game.
 B = Non-inter-level travel turns spent in this place as a percentage of non-inter-level travel turns spent in the entire game.
 C = Inter-level travel turns spent in this place as a percentage of turns spent in this place.
 D = Turns resting spent in this place as a percentage of non-inter-level travel turns spent in this place.
 E = Turns spent auto-exploring this place as a percentage of non-inter-level travel turns spent in this place.
 F = Non-inter-level travel turns spent in this place divided by the number of levels of this place that you've seen.
                   A       B       C       D       E      F
               +-------+-------+-------+-------+-------+----------------------
         Total | 100.0 | 100.0 |   6.7 |  15.8 |  58.2 | 787.1
       Dungeon |  42.3 |  41.9 |   7.5 |  13.8 |  62.4 | 792.3
        Temple |   0.6 |   0.6 |   9.4 |   0.0 |  96.0 | 173.0
          Lair |  16.0 |  15.0 |  12.7 |   9.9 |  67.7 | 707.3
         Swamp |  13.7 |  14.0 |   4.9 |  21.3 |  49.2 | 989.8
     Snake Pit |  14.0 |  14.5 |   3.6 |  25.4 |  44.6 | 1025.2
  Orcish Mines |   4.2 |   4.2 |   4.9 |  11.6 |  59.4 | 601.5
        Vaults |   8.2 |   8.7 |   1.2 |  15.9 |  56.1 | 1234.5
        Bazaar |   0.3 |   0.3 |   0.0 |   0.0 |  95.1 |  81.0
       Ossuary |   0.7 |   0.8 |   0.0 |   0.0 |  30.1 | 219.0
               +-------+-------+-------+-------+-------+----------------------

Table legend:
 A = Kills in this place as a percentage of kills in entire the game.
 B = Kills by you in this place as a percentage of kills by you in the entire game.
 C = Kills by friends in this place as a percentage of kills by friends in the entire game.
 D = Other kills in this place as a percentage of other kills in the entire game.
 E = Experience gained in this place as a percentage of experience gained in the entire game.
 F = Experience gained in this place divided by the number of levels of this place that you have seen.
                   A       B       C       D       E      F
               +-------+-------+-------+-------+-------+----------------------
         Total | 100.0 | 100.0 |   N/A | 100.0 | 100.0 | 10649.3
       Dungeon |  35.6 |  35.8 |   N/A |   0.0 |  12.3 | 3134.4
          Lair |  12.3 |  12.4 |   N/A |   0.0 |  10.3 | 6568.0
         Swamp |  15.8 |  15.8 |   N/A |   0.0 |  21.0 | 20164.5
     Snake Pit |  17.1 |  16.9 |   N/A |  50.0 |  28.7 | 27521.0
  Orcish Mines |   5.3 |   5.3 |   N/A |   0.0 |   3.2 | 6214.5
        Vaults |  12.8 |  12.6 |   N/A |  50.0 |  24.4 | 46817.0
       Ossuary |   1.1 |   1.1 |   N/A |   0.0 |   0.0 | 146.0
               +-------+-------+-------+-------+-------+----------------------
